 Dungeon Crawl Stone Soup version 0.27-a0-1081-ge8a0a9c698 (webtiles) character file.

Game seed: 10477740876551415376

14 tardwrangler69 the Poker (level 2, 0/23 HPs)
             Began as a Merfolk Gladiator on Apr 25, 2021.
             Slain by a jackal (2 damage)
             ... on level 1 of the Dungeon.
             The game lasted 00:00:11 (160 turns).

tardwrangler69 the Poker (Merfolk Gladiator)         Turns: 160, Time: 00:00:12

Health: 0/23       AC:  4    Str: 14    XL:     2   Next: 41%
Magic:  2/2        EV: 13    Int:  7    God:
Gold:   17         SH:  0    Dex: 15    Spells: 1/1 levels left

rFire    . . .     SeeInvis .   a - +0 trident
rCold    . . .     Faith    .   (no shield)
rNeg     . . .     Spirit   .   b - +0 leather armour
rPois    .         Reflect  .   c - +0 helmet
rElec    .         Harm     .   (no cloak)
rCorr    .         Rampage  .   (no gloves)
Will     .....                  (no boots)
Stlth    +.........             (no amulet)
HPRegen  0.07/turn              (no ring)
MPRegen  0.08/turn              (no ring)

@: no status effects
A: (nimble swimmer 2), mertail
a: no special abilities


You were on level 1 of the Dungeon.
You visited 1 branch of the dungeon, and saw 1 of its levels.

You collected 17 gold pieces.

Inventory:

Hand Weapons
 a - a +0 trident (weapon)
Missiles
 d - 3 throwing nets (quivered)
Armour
 b - a +0 leather armour (worn)
 c - a +0 helmet (worn)


   Skills:
 + Level 2.4 Fighting
 * Level 5.0 Polearms
 - Level 2.0 Throwing
 + Level 4.3 Dodging


You had one spell level left.
You didn't know any spells.
Your spell library was empty.

Dungeon Overview and Level Annotations

Branches:
Dungeon (1/15)

Altars:


Innate Abilities, Weirdness & Mutations

((You are quick and stealthy near water. (Stealth+, EV+, Speed+++)))
Your lower body shifts to a powerful aquatic tail in water.


Message History

You closely miss the jackal.
The jackal bites you but does no damage.
You barely miss the jackal. The jackal completely misses you. x2
The jackal bites you.
You hit the jackal.
The jackal is almost dead.
The jackal misses you. The jackal barely misses you.
You hit the jackal.
You kill the jackal!
The jackal bites you.
* * * LOW HITPOINT WARNING * * *
The jackal bites you but does no damage.
You closely miss the jackal.
The jackal is severely wounded.
The jackal completely misses you. The jackal closely misses you.
The jackal barely misses you.
You closely miss the jackal.
The jackal is severely wounded.
The jackal barely misses you. x2; The jackal bites you.
* * * LOW HITPOINT WARNING * * *
You closely miss the jackal.
The jackal is severely wounded.
The jackal barely misses you. The jackal bites you.
* * * LOW HITPOINT WARNING * * *
The jackal closely misses you.
You closely miss the jackal.
The jackal is severely wounded.
The jackal bites you.
* * * LOW HITPOINT WARNING * * *
The jackal barely misses you.
The jackal bites you but does no damage.
You miss the jackal.
The jackal is severely wounded.
The jackal bites you but does no damage.
The jackal closely misses you.
You closely miss the jackal.
The jackal is severely wounded.
The jackal bites you but does no damage.
The jackal bites you.
You die...

###### #.# ...# #.....
#.#.# #..# #$...!
#.#.####..#
#.....##.#.##...>#####
#........#...........# ##
#......#.#...........# #.
#....!.#.#...........# #.
#....†.#h#...........###.
#.....lh@.....#.......##.
####.##########.##....##.
#. #.##....##. #
#.##....##. #.#####.###
#.# #.# ..# #.# #.###
#....


You could see 2 jackals and a frilled lizard.

Vanquished Creatures
  2 dart slugs (D:1)
  An endoplasm (D:1)
  4 jackals (D:1)
  A ball python (D:1)
  A frilled lizard (D:1)
9 creatures vanquished.

Notes
Turn   | Place    | Note
-------+----------+-------------------------------------------
     0 | D:1      | tardwrangler69 the Merfolk Gladiator began the quest for
                  | the Orb.
     0 | D:1      | Reached XP level 1. HP: 16/16 MP: 1/1
   108 | D:1      | Reached XP level 2. HP: 22/23 MP: 2/2
   144 | D:1      | Reached skill level 5 in Polearms
   160 | D:1      | Slain by a jackal

Illustrated notes

Levels and vault maps discovered:
D:1:      amcnicky_arrival_underground_garden, layout_basic,
          kennysheep_pointless_box

Skill      XL: |  1  2 |
---------------+-------+-----
Polearms       | 5 |  5.0
Fighting       | |  2.4
Throwing       | |  2.0
Dodging        | |  4.3

Action                   || total
-------------------------++-------
Melee: Trident           ||    30
 Stab: Sleeping          ||     2
Armor: Leather armour    ||    21
Dodge: Dodged            ||    60

Table legend: (Time is in decaauts)
 A = Elapsed time spent in this place.
 B = Non-inter-level travel time spent in this place.
 C = Inter-level travel time spent in this place.
 D = Time resting spent in this place.
 E = Time spent auto-exploring this place.
 F = Levels seen in this place.
 G = Mean time per level.
                   A        B        C        D        E       F      G
               +--------+--------+--------+--------+--------+-----+--------+
         Total |    161 |    161 |      0 |      0 |    110 |   1 |  161.0 |
       Dungeon |    161 |    161 |      0 |      0 |    110 |   1 |  161.0 |
               +--------+--------+--------+--------+--------+-----+--------+

Top non-repeatable levels by time:
     D:1: 161 daAuts
